Map: [ESL] Alcyone

Players

Serral - Winner!

  • Race: Zerg Zerg
  • Spawn Location: 7:00

Reynor

  • Race: Zerg Zerg
  • Spawn Location: 1:00

Event: ESL SC2 Masters 2023 Winter (Regional)

VOD

Have the link to the VOD?

Description

Time

  • Played on: Nov. 18, 2023, 10:54 a.m.
  • Length: 10:59

All games in this series

Show
View Real Time Build Order
Export as new Build Order

Serral Zerg - Winner!

Build Orders: Pool First 

Get SALT Encoding   

  12  0:17  Spawning Pool  
  11  0:21  Drone  
  11  0:26  Drone  
  13  0:30  Drone  
  14  0:39  Overlord  
  14  1:04  Zergling x4  
  16  1:05  Zergling x2  
  19  1:15  Zergling x2  
  20  1:26  Zergling x2  
  20  1:29  Hatchery  
  20  1:32  Spine Crawler  
  18  1:37  Zergling x2  
  19  1:43  Hatchery  
  18  1:48  Zergling x2  
  19  1:58  Zergling x2  
  19  2:01  Queen  
  22  2:10  Overlord  
  22  2:29  Drone  
  21  2:30  Drone  
  18  2:39  Queen  
  18  2:42  Drone  
  20  2:52  Drone  
  20  2:55  Drone, Queen  
  24  3:08  Overlord  
  24  3:09  Drone  
  24  3:12  Drone  
  26  3:13  Drone  
  26  3:16  Drone  
  28  3:24  Drone x2  
  30  3:31  Queen  
  32  3:34  Drone  
  32  3:37  Drone  
  34  3:44  Overlord  
  34  3:45  Drone  
  34  3:48  Drone  
  36  3:49  Drone  
  36  3:51  Drone  
  38  3:56  Drone x2  
  38  4:00  Extractor  
  38  4:01  Extractor  
  38  4:02  Drone x2  
  40  4:07  Drone  
  40  4:08  Drone  
  42  4:11  Drone  
  42  4:15  Drone  
  44  4:18  Drone x3  
  44  4:22  Overlord  
  47  4:26  Drone  
  48  4:31  Overlord  
  48  4:37  Evolution Chamber  
  47  4:41  Roach Warren  
  47  4:42  Drone  
  47  4:43  Drone  
  48  4:45  Zergling x6  
  48  4:50  Metabolic Boost  
  51  4:55  Zergling x2  
  51  4:56  Zergling x2  
  53  5:00  Zergling x6  
  53  5:03  Overlord  
  56  5:07  Zerg Missile Weapons Level 1  
  56  5:08  Drone  
  57  5:14  Zergling x6  
  57  5:17  Baneling Nest  
  57  5:20  Zergling x4  
  61  5:34  Zergling x8  
  65  5:41  Spore Crawler  
  64  5:48  Zergling x10  
  64  5:49  Zergling x2, Queen  
  68  5:55  Hatchery  
  65  6:00  Overlord  
  65  6:03  Baneling x2  
  65  6:05  Zergling x10  
  70  6:15  Baneling x4  
  69  6:25  Queen  
  65  6:27  Lair  
  65  6:29  Baneling x2  
  65  6:30  Zergling x2  
  65  6:31  Zergling x10  
  70  6:41  Zergling x4  
  70  6:44  Baneling x2  
  70  6:58  Zergling x10  
  70  7:01  Queen, Zerg Ground Armor Level 1  
  74  7:04  Overlord  
  74  7:05  Zergling x2  
  76  7:12  Zergling x10  
  78  7:19  Baneling x3  
  75  7:28  Drone x3  
  75  7:29  Drone  
  75  7:31  Drone x2  
  75  7:35  Drone x3  
  79  7:48  Roach x3  
  79  7:50  Drone  
  86  7:53  Roach x2  
  86  7:55  Roach  
  86  7:56  Roach  
  92  8:02  Roach  
  92  8:03  Extractor  
  92  8:07  Glial Reconstitution, Extractor  
  92  8:08  Overlord  
  92  8:09  Overlord  
  92  8:10  Overseer  
  91  8:15  Drone x4  
  91  8:17  Overlord  
  95  8:20  Drone  
  95  8:24  Drone x2  
  95  8:25  Overlord x2  
  98  8:35  Roach x5  
  98  8:39  Drone  
  109  8:44  Extractor, Drone x3, Overlord  
  109  8:46  Roach x3  
  117  8:51  Overlord  
  117  8:52  Overseer  
  117  8:54  Roach  
  119  9:00  Roach  
  119  9:01  Roach  
  123  9:05  Drone  
  124  9:14  Roach  
  124  9:15  Roach  
  127  9:20  Roach x7  
  140  9:27  Roach x3  
  140  9:30  Overlord  
  143  9:34  Baneling x2  
  143  9:35  Baneling x2  
  142  9:38  Roach  
  142  9:39  Zergling x8, Roach x2  
  142  9:43  Overlord  
  152  9:50  Roach x3  
  152  9:51  Roach  
  159  9:58  Roach x3  
  142  10:04  Roach x4  
  132  10:12  Roach x5  
  141  10:21  Hatchery  
  140  10:26  Roach x3  
  143  10:31  Ravager x3  
  143  10:34  Roach  
  143  10:35  Roach x2  
  152  10:40  Overlord x2  
Show
View Real Time Build Order
Export as new Build Order

Reynor Zerg 

Build Orders: Hatch First 

Get SALT Encoding   

  12  0:00  Drone  
  13  0:11  Overlord  
  13  0:16  Drone  
  14  0:30  Drone x2  
  16  0:48  Hatchery  
  15  0:51  Drone  
  15  0:54  Drone  
  17  0:57  Drone  
  18  1:08  Extractor  
  17  1:13  Spawning Pool  
  17  1:16  Drone  
  17  1:18  Drone  
  18  1:27  Drone  
  19  1:38  Drone  
  20  1:48  Overlord  
  20  1:59  Queen  
  20  2:00  Zergling x4, Queen  
  26  2:10  Zergling x2  
  26  2:11  Zergling x2  
  28  2:23  Zergling x2  
  28  2:26  Zergling x2  
  27  2:33  Drone  
  19  2:44  Drone  
  20  2:52  Drone  
  20  2:56  Drone  
  22  3:01  Drone  
  23  3:06  Drone  
  23  3:11  Drone  
  25  3:14  Drone  
  25  3:17  Drone  
  27  3:22  Drone  
  27  3:23  Drone  
  30  3:27  Drone  
  30  3:29  Drone  
  30  3:31  Drone  
  32  3:36  Drone  
  32  3:39  Overlord  
  33  3:43  Drone  
  33  3:47  Metabolic Boost  
  34  3:50  Drone  
  34  3:54  Drone  
  36  3:58  Drone x2  
  37  4:12  Drone, Hatchery  
  37  4:14  Drone  
  38  4:18  Overlord  
  38  4:20  Drone  
  38  4:22  Drone  
  38  4:24  Drone  
  41  4:26  Drone  
  42  4:31  Overlord  
  42  4:35  Zergling x4  
  42  4:38  Queen  
  44  4:40  Drone  
  44  4:41  Drone  
  48  4:48  Evolution Chamber  
  48  4:49  Overlord  
  48  4:51  Drone  
  48  4:53  Drone x3  
  48  4:57  Drone x2  
  48  4:59  Drone  
  54  5:10  Zergling x6  
  54  5:13  Zergling x6  
  60  5:16  Overlord  
  60  5:20  Extractor, Zerg Ground Armor Level 1  
  59  5:26  Drone x3  
  62  5:28  Extractor  
  62  5:29  Drone  
  62  5:33  Overlord  
  62  5:39  Drone  
  63  5:47  Zergling x10  
  66  5:51  Zergling x2  
  66  5:57  Zergling x8  
  66  6:01  Spine Crawler  
  66  6:03  Hatchery  
  68  6:06  Zergling x8  
  68  6:08  Zergling x4  
  73  6:14  Overlord  
  73  6:21  Zergling x2  
  73  6:22  Zergling x4, Roach Warren, Queen  
  73  6:25  Zergling x10  
  79  6:28  Zergling x4  
  72  6:33  Zergling x2  
  72  6:38  Roach Warren  
  70  6:40  Evolution Chamber  
  70  6:43  Zergling x6  
  68  6:49  Zergling x4  
  64  6:54  Zergling x2  
  64  6:59  Lair  
  64  7:04  Roach x3  
  64  7:07  Roach x3  
  73  7:11  Evolution Chamber  
  73  7:12  Roach  
  71  7:15  Evolution Chamber  
  71  7:17  Evolution Chamber  
  71  7:19  Roach  
  71  7:21  Roach  
  71  7:28  Roach  
  77  7:37  Roach x5  
  80  7:46  Drone  
  76  7:52  Zerg Missile Weapons Level 1  
  76  7:53  Drone  
  76  7:54  Drone x4  
  76  7:57  Glial Reconstitution  
  80  8:02  Overlord x2  
  80  8:13  Roach  
  80  8:15  Overlord  
  82  8:22  Roach x6  
  94  8:36  Roach x6  
  106  8:41  Overlord x2  
  106  8:47  Drone, Baneling Nest  
  106  8:49  Overlord  
  106  8:59  Zergling x6  
  106  9:00  Roach  
  106  9:01  Roach x2  
  115  9:03  Roach  
  117  9:12  Roach x2  
  117  9:13  Roach x3  
  123  9:29  Roach x3  
  128  9:31  Baneling x3  
  128  9:32  Overlord x2  
  128  9:39  Ravager  
  128  9:40  Overlord  
  129  9:52  Roach x8  
  101  10:07  Roach x5  
  101  10:11  Roach x2  
  105  10:15  Drone x2  
  105  10:19  Extractor  
  106  10:23  Drone x2  
  106  10:24  Overseer  
  102  10:29  Roach  
  102  10:32  Roach  
  102  10:33  Roach  
  102  10:34  Drone  
  117  10:43  Drone  
Tags
 
Add a new tag
Caveats
  • Supply blocks, unpowered buildings, or Contaminate may cause inaccurate times.
  • Supply counts are checked every 10 seconds.